 Dungeon Crawl Stone Soup version 0.16.1-30-g34a7ffa (webtiles) character file.

105 Karisade the Skirmisher (level 4, -2/41 HPs)
             Began as a Minotaur Berserker on June 27, 2015.
             Was a Believer of Trog.
             Killed by divine providence
             ... invoked by an orc priest
              (11 damage)
             ... on level 3 of the Dungeon.
             The game lasted 00:19:38 (1809 turns).

Karisade the Skirmisher (Minotaur Berserker)        Turns: 1809, Time: 00:19:39

Health: -2/41      AC:  3    Str: 22    XL:     4   Next: 53%
Magic:  2/2        EV: 12    Int:  4    God:    Trog [**....]
Gold:   131        SH:  0    Dex: 10    Spells: 0 memorised, 3 levels left

rFire  + . .     SeeInvis .     a - +0 falchion
rCold  x . .     Clarity  .     i - +0 leather armour
rNeg   . . .     SustAb   .     (no shield)
rPois  .         Gourm    .     (helmet restricted)
rElec  .         Spirit   .     (no cloak)
rCorr  .         Warding  .     (no gloves)
rMut   .         Stasis   .     (no boots)
MR     .....                    (no amulet)
Stlth  +.........               (no ring)
                                e - ring of fire

@: not resistant to hostile enchantments, very unstealthy
A: retaliatory headbutt, horns 2
a: Burn Spellbooks, Berserk, Trog's Hand, Renounce Religion


You were on level 3 of the Dungeon.
You worshipped Trog.
Trog was pleased with you.
You were not hungry.

You visited 1 branch of the dungeon, and saw 3 of its levels.

You collected 131 gold pieces.

Inventory:

Hand weapons
 a - a +0 falchion (weapon)
 g - a +0 club
 h - a +0 club
 k - a +1 short sword of speed
 n - a +0 club
 o - a +0 hunting sling
 s - a +0 blowgun
 t - a cursed -2 dagger
 y - a +0 flail
 z - a +0 hand axe
Missiles
 f - 13 poisoned needles (quivered)
 l - 12 stones
Armour
 b - a +0 animal skin
 i - a +0 leather armour (worn)
 m - a +1 leather armour of poison resistance
 q - a +0 centaur barding
 v - a +0 robe
 A - a +0 leather armour
Jewellery
 e - a ring of fire (left hand)
 r - an uncursed amulet of the gourmand
Scrolls
 p - a scroll of noise {unknown}
 x - 3 scrolls of identify {unknown}
Potions
 d - a potion of magic {unknown}
Books
 w - a Fen Folio

   Spells                             Type                      Level
   a - Corpse Rot                     Necromancy                   2
   b - Stone Arrow                    Conjuration/Earth            3
   c - Leda's Liquefaction            Hexes/Earth                  4
   d - Summon Forest                  Summoning/Translocation      5
   e - Hydra Form                     Transmutation                6
   f - Summon Hydra                   Summoning                    7
   Trog disapproves of the use of such an item.
Comestibles
 c - a bread ration
 j - a slice of pizza


   Skills:
 + Level 4.6 Fighting
 + Level 4.5 Long Blades
 + Level 3.1 Armour
 + Level 3.3 Dodging
 + Level 0.1 Stealth


You had 3 spell levels left.
You didn't know any spells.

Dungeon Overview and Level Annotations

Branches:
Dungeon (3/15)

Altars:

Annotations:
D:3 Scuka's ghost, average GrFi


Innate Abilities, Weirdness & Mutations

You reflexively headbutt those who attack you in melee.
You have a pair of horns on your head.


Message History

* * * LOW HITPOINT WARNING * * *
The orc priest barely misses you.
You closely miss the orc.
The orc is almost dead.
The orc misses you.
The orc priest prays to Beogh.
You feel a wave of unholy energy pass over you.
You hit the orc.
You kill the orc!
Trog accepts your kill.
The orc priest hits you from afar with a trident.
* * * LOW HITPOINT WARNING * * *
The orc priest misses you.
Items here: )) [ † a mace; a leather armour; a club; an orc corpse The orc priest barely misses you.
That beef jerky was delicious!
The orc priest calls down the wrath of Beogh upon you.
Something smites you!
You die...

#.###..#....#
# #.#
##...#### #
#.# ##.## #
#.# #... # #.#
##### # #.# #
#.# ### #
#.###.## #
#...@..# #
#####.## # #o#
# #.# . #####
#)####..#.# #
#<..#####.
#.†).....#
#W#.......#
#########....#
#...##### #..
# ##.## #.#


You could see an orc priest.

Vanquished Creatures
  An orc priest (D:3)
  2 worms
  A giant gecko (D:3)
  7 orcs (D:3)
  4 giant cockroaches
  3 goblins
  6 hobgoblins
  7 jackals (D:1)
  A quokka (D:2)
  A ball python (D:2)
  8 bats
  A giant newt (D:2)
  5 kobolds
  5 rats
52 creatures vanquished.

Notes
Turn   | Place    | Note
--------------------------------------------------------------
     0 | D:1      | Karisade, the Minotaur Berserker, began the quest for the Orb.
     0 | D:1      | Reached XP level 1. HP: 19/19 MP: 1/1
    51 | D:1      | You fall through a shaft!
   265 | D:2      | Reached XP level 2. HP: 18/27 MP: 1/1
   296 | D:2      | Reached skill level 4 in Fighting
   951 | D:1      | Reached XP level 3. HP: 19/33 MP: 2/2
  1091 | D:2      | Acquired Trog's second power
  1316 | D:3      | Reached XP level 4. HP: 10/41 MP: 2/2
  1438 | D:3      | Noticed Scuka's ghost (average GrFi)
  1489 | D:3      | HP: 2/41 [Scuka's ghost (12)]
  1809 | D:3      | Killed from afar by an orc priest

Action                   |  1- 3 |  4- 6 || total
-------------------------+-------+-------++-------
Melee: Falchion          |    80 |    34 ||   114
  Use: Potion            |       |     4 ||     4
       Scroll            |       |     1 ||     1
  Eat: Bread ration      |     1 |       ||     1
       Beef jerky        |       |     1 ||     1
